 Dungeon Crawl Stone Soup version 0.29-a0-1019-g84f7d21838 (webtiles) character file.

Game seed: 10690177642572132813

3 drpainis the Sneak (level 1, -1/9 HPs)
             Began as a Spriggan Enchanter on Aug 10, 2022.
             Slain by a kobold
             ... wielding a +0 club
              (2 damage)
             ... on level 1 of the Dungeon.
             The game lasted 00:00:27 (97 turns).

drpainis the Sneak (Spriggan Enchanter)               Turns: 97, Time: 00:00:28

Health: -1/9       AC:  2    Str:  4    XL:     1   Next: 41%
Magic:  5/5        EV: 17    Int: 16    God:
Gold:   9          SH:  0    Dex: 15    Spells: 5/5 levels left

rFire   . . .      SeeInvis +   a - +1 dagger
rCold   . . .      Faith    .   (no shield)
rNeg    . . .      Spirit   .   b - +0 robe
rPois   .          Reflect  .   (helmet restricted)
rElec   .          Harm     .   (no cloak)
rCorr   .          Rampage  .   (gloves unavailable)
Will    .....                   (boots unavailable)
Stlth   +++.......              (no amulet)
HPRegen 0.03/turn               (no ring)
MPRegen 0.09/turn               (no ring)

@: very quick
A: very small, no large weapons, unfitting armour, see invisible, speed 3
a: no special abilities


You were on level 1 of the Dungeon.
You visited 1 branch of the dungeon, and saw 1 of its levels.

You collected 9 gold pieces.

Inventory:

Hand Weapons
 a - a +1 dagger (weapon)
Armour
 b - a +0 robe (worn)
 d - a +1 hat
Potions
 c - 2 potions of invisibility


   Skills:
 + Level 1.1 Short Blades
 + Level 2.8 Dodging
 + Level 4.5 Stealth
 + Level 2.7 Spellcasting
 + Level 3.7 Hexes


You had 5 spell levels left.
You didn't know any spells.
Your spell library contained the following spells:

 Spells                   Type           Power      Damage    Failure   Level
 Confusing Touch          Hex            14%        N/A       12%         3
 Tukima's Dance           Hex            14%        N/A       12%         3
 Ensorcelled Hibernation  Hex/Ice        16%        N/A       14%         2
 Dazzling Flash           Conj/Hex       16%        N/A       26%         3


Dungeon Overview and Level Annotations

Branches:
Dungeon (1/15)

Altars:


Innate Abilities, Weirdness & Mutations

You are very small and have problems with some larger weapons.
You are too small for most types of armour.
You have supernaturally acute eyesight. (SInv)
You cover ground extremely quickly. (Speed+++)


Message History

You hit the rat but do no damage. The rat barely misses you.
The kobold completely misses you. The rat barely misses you.
Found an embroidered hat.
The kobold barely misses you.
You barely miss the rat. The rat closely misses you.
You hit the rat.
You kill the rat!
The kobold completely misses you.
You hit the kobold.
The kobold is moderately wounded.
The kobold hits you but does no damage. The kobold misses you.
You hit the kobold.
The kobold is severely wounded.
The kobold misses you. The kobold hits you with a +0 whip.
Ouch! That really hurt!
You hit the kobold.
You kill the kobold!
The kobold hits you with a +0 club.
* * * LOW HITPOINT WARNING * * *
The kobold misses you.
You see here a +0 whip.
The kobold throws a stone.
The stone closely misses you.
An endoplasm comes into view.
The kobold throws a stone.
The stone hits you but does no damage.
You see here a +1 hat.
The kobold throws a stone.
The stone completely misses you.
You see here a +1 hat.
d - a +1 hat The kobold throws a stone.
The stone completely misses you.
The kobold throws a stone.
The stone misses you.
A ball python comes into view.
A giant cockroach comes into view.
A frilled lizard comes into view.
You now have 9 gold pieces.
You start resting.
A kobold is nearby!
A kobold is nearby!
The kobold closely misses you.
You hit the kobold but do no damage. The kobold hits you with a +0 club.
You die...

J........#####.#..# l..
.....##..........# ....
......$........### ....
.........K##K#### .....
##.###..###....##....B #
#..#..#######....# ..
#.#.#......#...####
..#####..)#......#......#
................@#.####.#
.................K........
#..#......#........##.....
##.#......#.......## ..##
................... ...
..................#. ##
#..#.......####.#...
...#......## #.##. #
.#.#.......# #.# .


You could see a kobold.

Vanquished Creatures
  A ball python (D:1)
  A bat (D:1)
  A kobold (D:1)
  2 rats (D:1)
5 creatures vanquished.

Notes
Turn   | Place    | Note
-------+----------+-------------------------------------------
     0 | D:1      | drpainis the Spriggan Enchanter began the quest for the
                  | Orb.
     0 | D:1      | Reached XP level 1. HP: 9/9 MP: 5/5
    97 | D:1      | Slain by a kobold

Illustrated notes

Levels and vault maps discovered:
D:1:      heliophobic_arrival_glass_houses, layout_rooms

Action                   || total
-------------------------++-------
Melee: Dagger            ||    12
 Stab: Sleeping          ||     2
Armor: Robe              ||     2
Dodge: Dodged            ||    16

Table legend: (Time is in decaauts)
 A = Elapsed time spent in this place.
 B = Non-inter-level travel time spent in this place.
 C = Inter-level travel time spent in this place.
 D = Time resting spent in this place.
 E = Time spent auto-exploring this place.
 F = Levels seen in this place.
 G = Mean time per level.
                   A        B        C        D        E       F      G
               +--------+--------+--------+--------+--------+-----+--------+
         Total |     65 |     65 |      0 |      2 |     11 |   1 |   65.0 |
       Dungeon |     65 |     65 |      0 |      2 |     11 |   1 |   65.0 |
               +--------+--------+--------+--------+--------+-----+--------+

Top non-repeatable levels by time:
     D:1: 65 daAuts
